 Dungeon Crawl Stone Soup version 0.28.0 (webtiles) character file.

Game seed: 4067040229552993739

14597 Host24 the Sharpshooter (level 12, -2/76 HPs)
             Began as a Kobold Hunter on Feb 20, 2022.
             Was a High Priest of Okawaru.
             Killed from afar by a rime drake (12 damage)
             ... with a flash freeze
             ... on level 3 of the Lair of Beasts.
             The game lasted 00:57:21 (19411 turns).

Host24 the Sharpshooter (Kobold Hunter)            Turns: 19411, Time: 00:57:21

Health: -2/76      AC: 11    Str: 13    XL:     12   Next: 47%
Magic:  0/18       EV: 18    Int: 12    God:    Okawaru [*****.]
Gold:   734        SH:  0    Dex: 17    Spells: 11/11 levels left

rFire   . . .      SeeInvis .   a - +1 hand crossbow
rCold   . . .      Faith    .   (no shield)
rNeg    . . .      Spirit   +   U - +1 robe {Archmagi}
rPois   .          Reflect  .   m - +2 hat
rElec   .          Harm     .   P - +0 cloak
rCorr   .          Rampage  .   x - +0 pair of gloves
Will    .....      Archmagi +   (no boots)
Stlth   +++.......              h - amulet of guardian spirit
HPRegen 0.22/turn               f - ring of flight
MPRegen 0.16/turn               N - +4 ring of protection

@: mighty, finesse-ful, flying
A: small, no large weapons, nightstalker 3, screaming 1
a: Renounce Religion, Heroism, Finesse, Duel


You were on level 3 of the Lair of Beasts.
You worshipped Okawaru.
Okawaru was extremely pleased with you.
You visited 3 branches of the dungeon, and saw 15 of its levels.
You also visited: Sewer and Gauntlet.

You collected 734 gold pieces.

Inventory:

Hand Weapons
 a - a +1 hand crossbow (weapon)
 H - the +4 mace "Lutusua" {vorpal, rElec Str+4}
   (You found it on level 5 of the Dungeon)

   It inflicts extra damage upon your enemies.
   Str:       It affects your strength (+4).
   rElec:     It insulates you from electricity.
 J - a +4 dagger of venom
Missiles
 b - 3 boomerangs
 d - 76 bolts (quivered ammo)
 e - 2 poisoned darts
 g - 286 stones
 l - 4 atropa-tipped darts
 s - 50 arrows
Armour
 m - a +2 hat (worn)
 x - a +0 pair of gloves (worn)
 P - a +0 cloak (worn)
 U - a +1 robe of the Archmagi (worn)
Jewellery
 f - a ring of flight (left hand)
 h - an amulet of guardian spirit (around neck)
 v - the ring "Ruoduez" {*Slow rElec rF+ rN+ SInv}
   (You found it on level 3 of the Dungeon)

   [ring of protection from fire]

   rF:        It protects you from fire.
   rElec:     It insulates you from electricity.
   rN:        It protects you from negative energy.
   SInv:      It lets you see invisible.
   *Slow:     It may slow you when you take damage.
 C - a ring of fire
 N - a +4 ring of protection (right hand)
Wands
 c - a wand of flame (12)
 i - a wand of acid (7)
 p - a wand of paralysis (4)
 E - a wand of digging (6)
Scrolls
 j - 2 scrolls of brand weapon {unknown}
 k - 9 scrolls of teleportation {unknown}
 o - 4 scrolls of enchant armour {unknown}
 q - 3 scrolls of fog
 A - 4 scrolls of blinking
 L - a scroll of magic mapping
 Q - a scroll of silence
 W - 3 scrolls of immolation
 X - a scroll of torment
Potions
 r - 3 potions of might
 t - 6 potions of heal wounds
 u - a potion of cancellation
 z - 2 potions of degeneration {unknown}
 B - a potion of resistance
 D - a potion of flight
 G - 2 potions of curing {unknown}
 I - 3 potions of mutation
 Y - 2 potions of magic {unknown}


   Skills:
 + Level 9.1 Fighting
 - Level 18.2 Crossbows
 - Level 7.0 Dodging
 - Level 1.3 Stealth
 - Level 8.0 Invocations


You had 11 spell levels left.
You didn't know any spells.
Your spell library contained the following spells:

 Spells                   Type           Power      Damage    Failure   Level
 Beastly Appendage        Tmut           0%         N/A       32%         1
 Ensorcelled Hibernation  Hex/Ice        0%         N/A       45%         2
 Passwall                 Tmut/Erth      0%         N/A       45%         2
 Wereblood                Tmut           0%         N/A       45%         2
 Spider Form              Tmut/Pois      0%         N/A       69%         3
 Swiftness                Air            0%         N/A       69%         3
 Alistair's Intoxication  Tmut/Pois      0%         N/A       100%        5
 Borgnjor's Vile Clutch   Necr/Erth      0%         N/A       100%        5
 Eringya's Noxious Bog    Tmut/Pois      0%         N/A       100%        6


Dungeon Overview and Level Annotations

Branches:
Dungeon (11/15)            Temple (1/1) D:5            Lair (3/6) D:9
 Shoals (0/4) Lair:2        Snake (0/4) Lair:3        Sewer (visited)
Gauntlet (visited)
    Orc: D:9-12

Altars:
Ashenzari
Cheibriados
Dithmenos
Elyvilon
Fedhas
Gozag
Hepliaklqana
Kikubaaqudgha
Makhleb
Nemelex Xobeh
Okawaru
Qazlal
Ru
Sif Muna
Trog
Uskayaw
Vehumet
Wu Jian
Xom
Yredelemnul
Zin
The Shining One

Shops:
D:2 :*:

Annotations:
D:3 3 runed translucent doors
D:5 Eustachio
D:8 Maggie
D:11 3 runed translucent doors


Innate Abilities, Weirdness & Mutations

You are small and have problems with some larger weapons.
You are completely attuned to the shadows.
You occasionally shout uncontrollably at your foes.


Message History

The elephant tramples you!
* * * LOW HITPOINT WARNING * * *
You hold your ground!
The elephant barely misses you.
Fire: 81 bolts
Press: ? - help, Q - select action, (/) - cycle Shift-Dir - straight line, f - elephant
Aim: an elephant (severely wounded, 93% to hit)
You shoot a bolt. The bolt hits the elephant!
The elephant is almost dead.
You feel like a meek peon again.
Fire: 80 bolts
Press: ? - help, Q - select action, (/) - cycle Shift-Dir - straight line, f/p - elephant
Aim: an elephant (almost dead, 92% to hit)
You shoot a bolt. The bolt hits the elephant!
You kill the elephant!
Okawaru accepts your kill.
Your Fighting skill increases to level 9!
Fire: 79 bolts
Press: ? - help, Q - select action, (/) - cycle Shift-Dir - straight line, f - elephant
Aim: an elephant (92% to hit)
You shoot a bolt. The bolt hits the elephant!
The elephant is lightly wounded.
Unknown command.
Fire: 78 bolts
Press: ? - help, Q - select action, (/) - cycle Shift-Dir - straight line, f/p - elephant
Aim: an elephant (lightly wounded, 92% to hit)
You shoot a bolt.
The bolt hits the elephant but does no damage.
The elephant is lightly wounded.
The elephant tramples you!
* * * LOW HITPOINT WARNING * * *
You are shoved backwards!
Fire: 77 bolts
Press: ? - help, Q - select action, (/) - cycle Shift-Dir - straight line, f/p - elephant
Aim: an elephant (lightly wounded, 92% to hit)
You shoot a bolt. The bolt hits the elephant.
The elephant is moderately wounded.
Unknown command.
The rime drake breathes ice at you. The flash freeze hits you!
You die...

*,,,,..(.......,,,,,,,,,
*,,,,.(........,,,,,,,,,
*,,,,....Y.....,,,,,,,,,
*,,,,..k(F.....,,,*,,,*,
*,,,#.##k(##...,****,*,,
**,,##.#.##(#...,*******,
*,,,#.....Y##...***,,**,,
*,,,.......#...,**,,,**,,
*,,,*##.@#..#.,,,**,**,*,
*,,,,##.#..#...,**,,***,,
*,,,,..........,***..###.
**,,.....................
**,,.....................
*,,,,....................
*,,,,....................
*,,**#####.#.............
*,,,* ##.#............


You could see an elephant and a rime drake (catching breath).

Vanquished Creatures
  3 hydras
  An ugly thing (D:11)
  A black mamba (Lair:1)
  3 elephants (Lair:3)
  A gargoyle (D:10)
  5 cane toads
  A komodo dragon (Lair:2)
  2 blink frogs (Lair:3)
  A vampire (D:10)
  13 yaks
  3 wyverns
  2 basilisks
  3 steam dragons
  4 nagas (Lair:3)
  5 water moccasins
  A sky beast (D:6)
  An ice beast (D:6)
  3 black bears
  An orc warrior (D:8)
  4 wolves (Lair:3)
  An ogre (D:6)
  4 centaurs
  2 phantoms (D:6)
  A kobold brigand (D:10)
  3 bullfrogs
  2 gnoll sergeants
  A wyvern skeleton (D:7)
  A wyvern zombie (D:6)
  A water moccasin skeleton (D:5)
  10 killer bees (D:9)
  18 wights
  4 howler monkeys
  An electric eel (Lair:1)
  4 crimson imps (D:4)
  3 centaur zombies
  3 hounds
  2 jellies (D:6)
  2 gnoll shamans
  3 orc priests
  3 orc wizards
  A killer bee zombie (D:8)
  2 howler monkey zombies (D:9)
  11 adders
  15 gnolls
  A river rat (Sewer)
  A shadow imp (D:8)
  2 dart slugs
  3 worms
  10 orcs
  8 endoplasms
  4 giant cockroaches
  5 goblins
  4 hobgoblins (D:2)
  3 quokkas
  16 ball pythons
  6 bats
  4 frilled lizards
  3 kobolds
  40 rats
266 creatures vanquished.

Vanquished Creatures (others)
  A gnoll (D:8)
  20 fungi
  58 plants
79 creatures vanquished.

Grand Total: 345 creatures vanquished

Notes
Turn   | Place    | Note
-------+----------+-------------------------------------------
     0 | D:1      | Host24 the Kobold Hunter began the quest for the Orb.
     0 | D:1      | Reached XP level 1. HP: 12/12 MP: 1/1
    56 | D:1      | Reached skill level 5 in Crossbows
   324 | D:1      | Reached XP level 2. HP: 18/18 MP: 2/2
   383 | D:1      | Found a faded altar of an unknown god.
   825 | D:1      | Reached XP level 3. HP: 23/23 MP: 1/3
  1085 | D:2      | Found Vabul's Book Emporium.
  1249 | D:2      | Found Qetiol's Assorted Antiques.
  1440 | D:2      | Found Basuxup's Book Shoppe.
  1578 | D:2      | Reached XP level 4. HP: 7/28 MP: 4/4
  2268 | D:3      | Found a broken altar of Ashenzari.
  2302 | D:3      | Found a sparkling altar of Nemelex Xobeh.
  2382 | D:3      | Found a glowing drain.
  2474 | Sewer    | Entered a sewer
  2701 | Sewer    | Reached skill level 5 in Dodging
  2755 | Sewer    | Reached XP level 5. HP: 29/32 MP: 2/5
  2860 | Sewer    | HP: 1/32 [frilled lizard (2)]
  3291 | Sewer    | Reached skill level 6 in Crossbows
  3318 | Sewer    | Noticed a bullfrog
  3602 | Sewer    | Killed a bullfrog
  3603 | Sewer    | Reached XP level 6. HP: 24/37 MP: 6/6
  3757 | Sewer    | Reached skill level 7 in Crossbows
  3878 | D:3      | Identified the ring "Ruoduez" {*Slow rElec rF+ rN+ SInv}
  4079 | D:3      | Found a shadowy altar of Dithmenos.
  4207 | D:3      | Found a runed translucent gate.
  4208 | D:3      | Found a runed translucent gate.
  4209 | D:3      | Found a runed translucent gate.
  4547 | D:4      | Found a shimmering altar of Xom.
  4581 | D:4      | Reached skill level 8 in Crossbows
  4581 | D:4      | Reached XP level 7. HP: 41/41 MP: 7/7
  4817 | D:4      | Found a white marble altar of Elyvilon.
  5326 | D:5      | Entered Level 5 of the Dungeon
  5402 | D:5      | Found a staircase to the Ecumenical Temple.
  5493 | Temple   | Entered the Ecumenical Temple
  6161 | D:5      | Reached skill level 9 in Crossbows
  6332 | D:5      | Reached XP level 8. HP: 30/46 MP: 4/8
  6444 | D:5      | Found an iron altar of Okawaru.
  6448 | D:5      | Became a worshipper of Warmaster Okawaru
  6591 | D:5      | Reached skill level 10 in Crossbows
  6936 | D:5      | Found a burning altar of Makhleb.
  6939 | D:5      | Found a shimmering blue altar of Sif Muna.
  6942 | D:5      | Found a radiant altar of Vehumet.
  7014 | D:5      | Found a snail-covered altar of Cheibriados.
  7014 | D:5      | Found a hazy altar of Hepliaklqana.
  7105 | D:5      | Noticed Eustachio
  7116 | D:5      | Identified the +4 mace "Lutusua" {vorpal, rElec Str+4}
  7524 | D:6      | Reached skill level 1 in Invocations
  7971 | D:6      | Reached * piety under Okawaru
  7983 | D:6      | Reached skill level 5 in Invocations
  8452 | D:6      | Reached XP level 9. HP: 51/52 MP: 13/13
  9378 | D:6      | Reached ** piety under Okawaru
  9784 | D:7      | Reached skill level 5 in Fighting
 10776 | D:8      | Identified the +6 long sword "Nisomo" {venom, Contam rPois
                  | Int+5}
 10834 | D:8      | Reached XP level 10. HP: 32/57 MP: 10/16
 11380 | D:8      | Found the +4 dagger "Morg" {pain, Will+ Int+5}
 11577 | D:8      | Reached *** piety under Okawaru
 11905 | D:8      | Noticed Maggie
 12048 | D:8      | Reached skill level 11 in Crossbows
 12203 | D:9      | Found a staircase to the Lair.
 12203 | D:9      | Noticed a death yak
 12682 | D:9      | Reached skill level 12 in Crossbows
 13098 | D:9      | Noticed a death yak
 13098 | D:9      | Noticed a death yak
 13334 | D:9      | Found a stormy altar of Qazlal.
 13760 | D:9      | Reached **** piety under Okawaru
 13837 | D:8      | Reached skill level 13 in Crossbows
 13848 | D:8      | Gained mutation: You occasionally shout uncontrollably at
                  | your foes. [mutagenic glow]
 13913 | Lair:1   | Entered Level 1 of the Lair of Beasts
 13913 | Lair:1   | Noticed a cane toad
 13925 | Lair:1   | Killed a cane toad
 13926 | Lair:1   | Noticed a black mamba
 13943 | Lair:1   | Killed a black mamba
 13944 | Lair:1   | Reached XP level 11. HP: 29/67 MP: 9/17
 14202 | Lair:1   | Noticed a five-headed hydra
 14219 | D:10     | Entered Level 10 of the Dungeon
 14234 | D:10     | Received a gift from Okawaru
 14462 | D:10     | Reached skill level 14 in Crossbows
 14601 | D:10     | Noticed a two-headed ogre
 15439 | D:11     | Noticed a brown ugly thing
 15519 | D:11     | Killed a brown ugly thing
 15583 | D:11     | Found a runed translucent gate.
 15589 | D:11     | Found a runed translucent gate.
 15590 | D:11     | Found a runed translucent gate.
 15602 | D:11     | Noticed a boulder beetle
 15658 | D:11     | Noticed a centaur warrior
 15849 | Lair:1   | Noticed a seven-headed hydra
 16085 | Lair:1   | Reached skill level 15 in Crossbows
 16160 | Lair:1   | Received a gift from Okawaru
 16267 | Lair:1   | Noticed an eight-headed hydra
 16358 | Lair:1   | Killed an eight-headed hydra
 16582 | Lair:1   | Killed a seven-headed hydra
 16583 | Lair:1   | Reached skill level 16 in Crossbows
 17339 | Lair:2   | Noticed an eight-headed hydra
 17556 | Lair:2   | Noticed a five-headed hydra
 17684 | Lair:2   | Noticed a four-headed hydra
 17707 | Lair:2   | Killed a four-headed hydra
 17714 | Lair:2   | Reached ***** piety under Okawaru
 17714 | Lair:2   | Received a gift from Okawaru
 17715 | Lair:2   | Reached skill level 17 in Crossbows
 17851 | Lair:2   | Found a staircase to the Shoals.
 18077 | Lair:2   | Noticed a seven-headed hydra
 18527 | Lair:3   | Received a gift from Okawaru
 18528 | Lair:3   | Reached XP level 12. HP: 67/72 MP: 16/18
 18690 | Lair:3   | Received a gift from Okawaru
 18692 | Lair:3   | Reached skill level 18 in Crossbows
 18740 | Lair:3   | Found a gate leading to a gauntlet.
 18746 | Gauntlet | Entered a Gauntlet
 18746 | Gauntlet | Found a large runed translucent door.
 18746 | Gauntlet | Found a large runed translucent door.
 18746 | Gauntlet | Found a large runed translucent door.
 18746 | Gauntlet | Found a large runed translucent door.
 18751 | Gauntlet | Found a transporter.
 18776 | Gauntlet | Found a transporter.
 18801 | Gauntlet | Found a transporter.
 18814 | Gauntlet | Found a transporter.
 18821 | Gauntlet | Found a transporter.
 18837 | Gauntlet | Noticed a catoblepas
 18844 | Gauntlet | Found a transporter.
 18853 | Gauntlet | Noticed a fire crab
 18859 | Gauntlet | Found a transporter.
 18865 | Gauntlet | Found a transporter.
 18885 | Gauntlet | Found a large runed translucent door.
 18886 | Gauntlet | Found a large runed translucent door.
 18888 | Gauntlet | Found a large runed translucent door.
 18889 | Gauntlet | Found a large runed translucent door.
 18895 | Gauntlet | Found a runed translucent door.
 18896 | Gauntlet | Found a transporter.
 18897 | Gauntlet | Found a runed translucent door.
 18898 | Gauntlet | Found a large runed translucent door.
 18898 | Gauntlet | Found a large runed translucent door.
 18899 | Gauntlet | Found a large runed translucent door.
 18900 | Gauntlet | Found a large runed translucent door.
 18907 | Gauntlet | Found a large runed translucent door.
 18908 | Gauntlet | Found a large runed translucent door.
 18909 | Gauntlet | Found a large runed translucent door.
 18909 | Gauntlet | Found a large runed translucent door.
 18911 | Gauntlet | Noticed a cacodemon
 18918 | Gauntlet | Found a runed translucent gate.
 18919 | Gauntlet | Found a transporter.
 18919 | Gauntlet | Found a transporter.
 18919 | Gauntlet | Found a runed translucent gate.
 18920 | Gauntlet | Found a runed translucent gate.
 18931 | Gauntlet | Noticed a fire crab
 18937 | Gauntlet | Found a transporter.
 19045 | Lair:3   | Found a staircase to the Snake Pit.
 19411 | Lair:3   | Killed from afar by a rime drake

Illustrated notes

Levels and vault maps discovered:
D:1:      minmay_arrival_split_and_join, layout_rooms,
          shapermc_ecumenical_altar_venn
D:2:      layout_rooms, serial_shops, shop, nicolae_diamond_shop,
          nicolae_shop_statue_plus
D:3:      layout_rooms, nicolae_dithmenos_through_a_glass_darkly,
          nemelex_diamond_rough_becter, ashenzari_altar_1,
          cheibrodos_sewer_entry_sluice, gammafunk_ghost_cemetery
D:4:      layout_loops_ring, mainiacjoe_overflow_six_doors_small, led_xom_imps,
          corexii_hall_statues_i, chequers_serial_rivers_large_b
D:5:      layout_basic, marbit_many_paths, grunt_temple_overflow_open,
          gammafunk_temple_overflow_statue, minmay_temple_entry_statues,
          kennysheep_cluttered_room, nicolae_grassy_gnolls, uniq_eustachio
D:6:      layout_basic
D:7:      layout_loops_cross
D:8:      layout_basic, uniq_maggie
D:9:      layout_loops_ring, nicolae_qazlal_style_of_elements,
          dpeg_lair_monsters
D:10:     layout_loops_corners, st_stairs_6
D:11:     layout_basic, david_orc_2, gammafunk_ghost_icy
Temple:   dpeg_chambers_temple
Lair:1:   layout_chaotic_city, serial_bayou, serial_bayou_pond_d,
          serial_bayou_pond_b, serial_bayou_pond_c, serial_bayou_pond_d,
          serial_bayou_shore_b, serial_bayou_crossing, st_stairs_8,
          chequers_serial_rivers_large_a
Lair:2:   layout_misc_corridors, shoals_dummy_entry
Lair:3:   layout_regular_city, minmay_snake_entry_guardpost_medium,
          gauntlet_entry_generic, lemuel_fruit_fields, lemuel_fruit_tree

Skill      XL: |  1  2  3  4  5  6  7  8  9 10 11 12 |
---------------+-------------------------------------+-----
Crossbows      | 5 6 8 9 10 13 17 18 | 18.2
Fighting       | 3 7 9 |  9.1
Dodging        | 3 4 5 7 |  7.0
Invocations    | 5 8 |  8.0
Stealth        | |  1.3

Action                   |  1- 3 |  4- 6 |  7- 9 | 10-12 || total
-------------------------+-------+-------+-------+-------++-------
Melee: Short sword       |   101 |       |       |       ||   101
       Punch             |     1 |     1 |     5 |     4 ||    11
       Mace              |       |   137 |   219 |   103 ||   459
       Long sword        |       |       |    24 |   119 ||   143
 Fire: Hand crossbow     |    14 |   112 |   128 |   371 ||   625
Throw: Stone             |       |     7 |       |     1 ||     8
       Dart              |       |       |       |     8 ||     8
Invok: Heroism           |       |       |     1 |     8 ||     9
       Finesse           |       |       |       |     5 ||     5
  Use: Potion            |       |     4 |       |     6 ||    10
       Scroll            |       |     3 |     9 |     6 ||    18
 Stab: Sleeping          |    16 |     6 |     7 |     4 ||    33
       Distracted        |       |     2 |       |       ||     2
Armor: Leather armour    |    19 |    72 |   119 |    17 ||   227
       Skin              |       |    70 |       |    55 ||   125
       Robe              |       |       |       |   107 ||   107
Dodge: Dodged            |    71 |   276 |   325 |   539 ||  1211
